 Dungeon Crawl Stone Soup version 0.31-a0-232-gb1c03b2570 (webtiles) character file.

Game seed: 10755451977733510165

58 qw the Shooter (level 4, -1/26 HPs)
             Began as a Gargoyle Hexslinger on July 6, 2023.
             Slain by an orc
             ... wielding a +0 flail
              (3 damage)
             ... on level 3 of the Dungeon.
             The game lasted 00:00:36 (2063 turns).

qw the Shooter (Gargoyle Hexslinger)                Turns: 2063, Time: 00:00:37

Health: -1/26      AC:  8    Str: 11    XL:     4   Next: 2%
Magic:  5/5        EV: 11    Int: 14    God:
Gold:   88         SH:  0    Dex: 14    Spells: 4/5 levels left

rFire   + . .        Y - +1 sling
rCold   . . .        (no shield)
rNeg    + . .        i - +0 leather armour
rPois   inf          g - +0 helmet
rElec   +            (no cloak)
rCorr   .            (no gloves)
SInv    .            b - +0 pair of boots
Will    .....        (no amulet)
Stlth   +            d - ring of protection from fire
HPRegen 0.24/turn    (no ring)
MPRegen 0.09/turn

%: no passive effects
@: about to teleport
A: sickness immunity, AC +3, negative energy resistance 1, electricity
resistance, torment resistance 1, petrification resistance
a: no special abilities


You were on level 3 of the Dungeon.
You visited 1 branch of the dungeon, and saw 3 of its levels.

You collected 118 gold pieces.
You spent 30 gold pieces at shops.


Innate Abilities, Weirdness & Mutations

You are immune to sickness and miasma.
Your stone body is resilient. (AC +3)
You are immune to poison.
You resist negative energy. (rN+)
You are resistant to electric shocks. (rElec)
You are resistant to unholy torment.
You are immune to petrification.


   Skills:
 - Level 2.0 Fighting
 + Level 3.8 Ranged Weapons
 - Level 1.5 Dodging
 - Level 1.0 Spellcasting
 - Level 2.6 Hexes


You had 4 spell levels left.
You knew the following spells:

 Your Spells              Type           Power      Damage    Failure   Level
a - Slow                  Hex            32%        N/A       12%         1

Your spell library contained the following spells:

 Spells                   Type           Power      Damage    Failure   Level
 Inner Flame              Hex/Fire       4%         N/A       52%         3
 Portal Projectile        Hex/Tloc       8%         N/A       52%         3
 Cause Fear               Hex            4%         N/A       75%         4

Inventory:

Hand Weapons
 Y - a +1 sling (weapon)
Armour
 b - a +0 pair of boots (worn)
 g - a +0 helmet (worn)
 i - a +0 leather armour (worn)
Jewellery
 c - an amulet of the acrobat
 d - a ring of protection from fire (left hand)
Scrolls
 e - a scroll of teleportation
 f - 4 scrolls of identify
Potions
 a - a potion of degeneration {unknown}
 j - a potion of curing {unknown}

Dungeon Overview and Level Annotations

Branches:
Dungeon (3/15)

Altars:
Elyvilon

Shops:
D:2 ?


Message History

The orc throws a boomerang.
The boomerang hits you but does no damage.
You shoot a sling bullet. The sling bullet hits the orc.
The orc is lightly wounded.
The orc closely misses you.
You shoot a sling bullet. The sling bullet barely misses the orc.
The orc barely misses you. The orc misses you.
You shoot a sling bullet.
The sling bullet hits the orc but does no damage.
The orc is lightly wounded.
The orc hits you but does no damage.
You shoot a sling bullet. The sling bullet hits the orc.
The orc is severely wounded.
The orc barely misses you. Something hits you. The orc hits you with a +0 mace.
The orc hits you but does no damage. The orc hits you with a +0 hand axe.
Something hits you but does no damage.
You shoot a sling bullet. The sling bullet hits the orc.
You kill the orc!
The orc barely misses you.
You have reached level 4!
You feel clever.
You shoot a sling bullet. The sling bullet hits the orc.
The orc is severely wounded.
The orc hits you with a +0 hand axe. Something hits you but does no damage.
The orc hits you with a +0 flail.
You shoot a sling bullet. The sling bullet barely misses the orc.
Something hits you but does no damage. The orc closely misses you.
The orc barely misses you.
You shoot a sling bullet. The sling bullet barely misses the orc.
The orc hits you but does no damage. Something hits you.
The orc barely misses you. x2; Something hits you but does no damage.
The orc closely misses you.
You shoot a sling bullet.
The sling bullet closely misses the orc.
The orc closely misses you. Something hits you but does no damage.
The orc hits you with a +0 flail.
2063 ||| READING 2 scrolls of teleportation.
As you read the scroll of teleportation, it crumbles to dust.
You feel strangely unstable. Something hits you.
The orc hits you with a +0 flail.
You die...

..... #...# #####
#...+ .... ....# #..#
#.#### #... #..#
#..... # #). #..#
#..... #$#o#####..#
#..... #.{@o......#
#.....
###.######.####.....
...#.........#.....
..!....)........>....
###.....####.#.##.....
#..... #.#.##.#..#
#..... #.#.##.#..#
#...... #.#.##.....
#.#.##.....


You could see 2 orcs.

Vanquished Creatures
  An adder (D:2)
  2 worms
  A dart slug (D:2)
  2 orcs (D:3)
  3 endoplasms
  3 hobgoblins
  A quokka (D:2)
  5 ball pythons
  A bat (D:2)
  A frilled lizard (D:1)
  8 goblins
  8 kobolds
  2 rats
38 creatures vanquished.

Notes
Turn   | Place    | Note
-------+----------+-------------------------------------------
     0 | D:1      | qw the Gargoyle Hexslinger began the quest for the Orb.
     0 | D:1      | Reached XP level 1. HP: 12/12 MP: 2/2
     0 | D:1      | 0 ||| qw: Version: 0.3-a-46-gb1f654a
     0 | D:1      | 0 ||| qw: Game counter: 2042
     0 | D:1      | 0 ||| qw: Melee chars always use a shield: true
     0 | D:1      | 0 ||| qw: God list: Okawaru
     0 | D:1      | 0 ||| qw: Allow faded altars: false
     0 | D:1      | 0 ||| qw: Do Orc after clearing Dungeon:15 true
     0 | D:1      | 0 ||| qw: Do second Lair branch before Depths: true
     0 | D:1      | 0 ||| qw: Lair rune preference: random
     0 | D:1      | 0 ||| qw: Goals: Normal
     0 | D:1      | 0 ||| PLANNING D:1-11
   248 | D:1      | Reached XP level 2. HP: 16/16 MP: 3/3
   668 | D:1      | Reached skill level 3 in Ranged Weapons
   892 | D:1      | 892 ||| UPGRADING to +0 helmet.
   897 | D:1      | 897 ||| UPGRADING to +0 leather armour.
   907 | D:1      | 907 ||| DROPPING +0 robe.
   908 | D:1      | 908 ||| UPGRADING to ring of protection from fire.
   909 | D:1      | 909 ||| READING scroll labelled VIAMUJ KOTOM.
   910 | D:1      | 910 ||| READING scroll labelled ZICSERPH AGIC.
   914 | D:1      | 914 ||| READING scroll labelled MASHRO HAWNOF.
   915 | D:1      | 915 ||| DROPPING scroll of poison.
  1195 | D:2      | Reached XP level 3. HP: 21/21 MP: 4/4
  1405 | D:2      | Identified the +7 spear of the Nice God {antimagic, rElec}
  1517 | D:2      | Found The Oracle's Delphic Readings.
  1532 | D:2      | 1532 ||| SHOPLISTING 3 scrolls of identify (60 gold, have
                  | 52).
  1532 | D:2      | 1532 ||| BUYING scroll of teleportation (30 gold).
  1532 | D:2      | Bought a scroll of teleportation for 30 gold pieces
  1532 | D:2      | 1532 ||| SHOPLISTING scroll of teleportation (30 gold, have
                  | 22).
  1790 | D:2      | 1790 ||| UPGRADING to +0 pair of boots.
  1795 | D:2      | 1795 ||| READING 2 scrolls labelled AQAWIE ITRAH.
  1796 | D:2      | 1796 ||| DRINKING 2 lumpy emerald potions.
  1797 | D:2      | 1797 ||| DROPPING scroll of revelation.
  1798 | D:2      | 1798 ||| DROPPING potion of attraction.
  1893 | D:3      | Found a white marble altar of Elyvilon.
  2059 | D:3      | Reached XP level 4. HP: 18/26 MP: 5/5
  2062 | D:3      | HP: 3/26 [orc/+0 flail (4)]
  2063 | D:3      | 2063 ||| READING 2 scrolls of teleportation.
  2063 | D:3      | Slain by an orc

Levels and vault maps discovered:
D:1:      dpeg_arrival_shelter, layout_loops_corners
D:2:      layout_loops_corners, nicolae_nh_oracle_at_delphi
D:3:      layout_basic, elyvilon_altar_5

Skill      XL: |  1  2 |
---------------+-------+-----
Ranged Weapons | 3 |  3.8
Fighting       | 2 |  2.0
Dodging        | |  1.5
Spellcasting   | |  1.0
Hexes          | |  2.6

Action                     |  1- 3 |  4- 6 || total
---------------------------+-------+-------++-------
   Fire: Sling             |   122 |     4 ||   126
    Use: Scroll            |     4 |     1 ||     5
         Potion            |     1 |       ||     1
 Armour: Leather armour    |    15 |     5 ||    20
         Robe              |     1 |       ||     1
  Dodge: Dodged            |    29 |     6 ||    35

Table legend:
 A = Non-vault XP
 B = Vault XP
 C = Vault XP percentage of total XP
 D = Non-vault monster count
 E = Vault monster count
 F = Vault count percentage of total count
                 A         B        C        D         E       F
            +---------+---------+-------+---------+---------+-------
      Total |      69 |      15 |  17.9 |      36 |       2 |   5.3
            +---------+---------+-------+---------+---------+-------
        D:1 |      23 |       0 |   0.0 |      16 |       0 |   0.0
        D:2 |      28 |      15 |  34.9 |      13 |       2 |  13.3
        D:3 |      18 |       0 |   0.0 |       7 |       0 |   0.0
            +---------+---------+-------+---------+---------+-------
